 Dungeon Crawl Stone Soup version 0.31-a0-360-gb3e1d13bf4 (webtiles) character file.

Game seed: 17526678874984814888

126 mandoloar the Ruffian (level 5, -1/35 HPs)
             Began as an Octopode Shapeshifter on July 26, 2023.
             Slain by a gnoll
             ... wielding a +0 spear
              (9 damage)
             ... on level 3 of the Dungeon.
             The game lasted 00:06:29 (3041 turns).

mandoloar the Ruffian (Octopode Shapeshifter)       Turns: 3041, Time: 00:06:30

Health: -1/35      AC:  1    Str: 17    XL:     5   Next: 9%
Magic:  5/5        EV: 13    Int: 10    God:
Gold:   90         SH:  0    Dex: 12    Spells: 4/4 levels left

rFire   . . .        a - +0 dagger (venom)
rCold   . . .        (no shield)
rNeg    . . .        (helmet currently unavailable)
rPois   .            (no amulet)
rElec   .            (no ring)
rCorr   .            (no ring)
SInv    .            (no ring)
Will    .....        (no ring)
Stlth   ++           (no ring)
HPRegen 0.25/turn    (no ring)
MPRegen 0.09/turn    (no ring)
                     (no ring)

%: no passive effects
@: beast-form
A: beast (slay +2), almost no armour, amphibious, 8 rings, camouflage 1,
gelatinous body 1, (nimble swimmer 1), tentacles
a: Begin Untransformation


You were on level 3 of the Dungeon.
You were a hulking beast.
You visited 1 branch of the dungeon, and saw 3 of its levels.

You collected 90 gold pieces.

Inventory:

Hand Weapons
 a - a +0 dagger of venom (weapon)
Missiles
 l - 5 stones (quivered)
Jewellery
 e - a +5 ring of evasion
Talismans
 b - a beast talisman
 k - a blade talisman
Scrolls
 d - a scroll of brand weapon
 h - a scroll of teleportation {unknown}
 i - a scroll of identify
 j - a scroll of noise {unknown}
 m - a scroll of enchant armour
Potions
 c - a potion of might
 f - a potion of heal wounds {unknown}
 g - a potion of lignification


   Skills:
 + Level 2.4 Fighting
 + Level 3.0 Dodging
 + Level 3.8 Unarmed Combat
 + Level 3.5 Shapeshifting


You had 4 spell levels left.
You didn't know any spells.
Your spell library contained the following spells:

 Spells                   Type           Power      Damage    Failure   Level
 Scorch                   Fire           0%         2d5       50%         2
 Flame Wave               Conj/Fire      0%         2d4       98%         4
 Summon Forest            Summ/Tloc      0%         N/A       100%        5
 Eringya's Noxious Bog    Tmut/Pois      0%         4d6       100%        6
 Summon Cactus Giant      Summ           0%         N/A       100%        6
 Summon Hydra             Summ           0%         N/A       100%        7


Dungeon Overview and Level Annotations

Branches:
Dungeon (3/15)

Altars:

Annotations:
D:3 Robin


Innate Abilities, Weirdness & Mutations

You are a hulking beast.
Your limbs bulge with bestial killing power. (Slay +2)
You cannot wear most types of armour.
You are amphibious.
You can wear up to eight rings at the same time.
Your skin changes colour to match your surroundings (Stealth+).
Your rubbery body absorbs attacks. (AC +1, EV +1)
((You are camouflaged when in or above water. (Stealth+)))
You have tentacles for arms and can constrict up to eight enemies at once.


Message History

You feel stronger.
You start resting.
HP restored.
You see here a +0 club.
You see here a +0 leather armour.
You see here a +0 club.
There is a stone staircase leading down, spattered with blood here.
You climb downwards.
Level annotation: Robin
There is a stone staircase leading up here.
The gnoll closely misses you.
You climb upwards.
There is a stone staircase leading down, spattered with blood here.
You closely miss the gnoll. You grab the gnoll.
You constrict the gnoll, but do no damage.
The gnoll closely misses you.
You hit the gnoll.
The gnoll is poisoned.
The gnoll is heavily wounded.
You constrict the gnoll. The gnoll hits you with a +0 whip!
You hit the gnoll.
You kill the gnoll!
You start resting.
HP restored.
Done exploring.
You see here a +0 club.
Done exploring.
There is a stone staircase leading down, spattered with blood here.
You climb downwards.
Level annotation: Robin The gnoll shouts!
There is a stone staircase leading up here.
The gnoll shouts!
The gnoll hits you from afar with a +0 spear!
There is a stone staircase leading up here.
The gnoll closely misses you.
The gnoll hits you from afar with a +1 halberd of freezing!
The gnoll freezes you.
* * * LOW HITPOINT WARNING * * *
The gnoll hits you from afar with a +0 spear!
You die...

.......
.......
.......
##...>...
#........
#r.......
#gg......
#........
#h.......
##.......
#.....#
######


You could see 2 gnolls and a quokka.

Vanquished Creatures
  2 gnolls (D:2)
  4 adders
  3 dart slugs
  6 ball pythons
  3 endoplasms
  6 giant cockroaches
  7 goblins
  6 hobgoblins
  8 jackals (D:1)
  A kobold (D:2)
  A quokka (D:1)
  3 bats
  5 frilled lizards
  3 rats
58 creatures vanquished.

Notes
Turn   | Place    | Note
-------+----------+-------------------------------------------
     0 | D:1      | mandoloar the Octopode Shapeshifter began the quest for the
                  | Orb.
     0 | D:1      | Reached XP level 1. HP: 13/13 MP: 1/1
   233 | D:1      | Reached XP level 2. HP: 18/18 MP: 2/2
   928 | D:1      | Reached XP level 3. HP: 22/23 MP: 3/3
  1917 | D:2      | Reached XP level 4. HP: 27/29 MP: 4/4
  1968 | D:2      | Found a faded altar of an unknown god.
  2834 | D:3      | Noticed Robin
  2845 | D:2      | Reached XP level 5. HP: 10/35 MP: 5/5
  3041 | D:3      | Slain by a gnoll

Illustrated notes

Levels and vault maps discovered:
D:1:      sevenhm_arrival_forest_fort_large_2, layout_basic
D:2:      layout_loops_ring, ebering_ecumenical_altar_hall
D:3:      layout_rooms, uniq_robin

Skill      XL: |  1  2  3  4 |
---------------+-------------+-----
Fighting       | 2 |  2.4
Dodging        | 3 |  3.0
Unarmed Combat | |  3.8
Shapeshifting  | |  3.5

Action                     |  1- 3 |  4- 6 || total
---------------------------+-------+-------++-------
  Melee: Unarmed           |    21 |       ||    21
         Constrict         |    23 |    10 ||    33
         Tentacles         |    10 |     5 ||    15
         Punch             |     2 |       ||     2
         Dagger            |    43 |    38 ||    81
         War axe           |     3 |       ||     3
  Throw: Stone             |       |     6 ||     6
    Use: Scroll            |     5 |       ||     5
   Stab: Sleeping          |     9 |     3 ||    12
 Armour: Skin              |     2 |     6 ||     8
  Dodge: Dodged            |    30 |    28 ||    58
   Form: Blade             |       |     1 ||     1
         Beast             |       |     1 ||     1

Table legend: (Time is in decaauts)
 A = Elapsed time spent in this place.
 B = Non-inter-level travel time spent in this place.
 C = Inter-level travel time spent in this place.
 D = Time resting spent in this place.
 E = Time spent auto-exploring this place.
 F = Levels seen in this place.
 G = Mean time per level.
                   A        B        C        D        E       F      G
               +--------+--------+--------+--------+--------+-----+--------+
         Total |   3044 |   2766 |    278 |    897 |   1433 |   3 | 1014.7 |
       Dungeon |   3044 |   2766 |    278 |    897 |   1433 |   3 | 1014.7 |
               +--------+--------+--------+--------+--------+-----+--------+

Top non-repeatable levels by time:
     D:1: 1633 daAuts
     D:2: 1330 daAuts
     D:3: 81 daAuts
